 Dungeon Crawl Stone Soup version 0.30-a0-989-g0d87f670db (webtiles) character file.

95 Moggul the Trooper (level 4, 0/42 HPs)
             Began as a Deep Dwarf Berserker on Apr 12, 2016.
             Was a Believer of Trog.
             Slain by an iguana (8 damage)
             ... on level 3 of the Dungeon on Apr 3, 2023.
             The game lasted 00:27:18 (3589 turns).

Moggul the Trooper (Deep Dwarf Berserker)           Turns: 3589, Time: 00:27:19

Health: 0/42       AC:  5    Str: 22    XL:     4   Next: 39%
Magic:  4/4        EV: 11    Int:  8    God:    Trog [**....]
Gold:   135        SH:  0    Dex: 12    Spells: 3/3 levels left

rFire   . . .      SeeInvis .    o - +0 hand axe
rCold   . . .      Faith    .    (no shield)
rNeg    . . .      Spirit   .    i - +0 ring mail
rPois   .          Reflect  .    (no helmet)
rElec   .          Rampage  .    (no cloak)
rCorr   .                        (no gloves)
Will    .....                    (no boots)
Stlth   +                        (no amulet)
HPRegen 0.00/turn                (no ring)
MPRegen 0.09/turn                (no ring)

@: no status effects
A: damage resistance, heal wounds, sense surroundings 1, no regeneration
a: Heal Wounds, Renounce Religion, Berserk, Trog's Hand


You were on level 3 of the Dungeon.
You worshipped Trog.
Trog was pleased with you.
You visited 1 branch of the dungeon, and saw 3 of its levels.

You collected 135 gold pieces.

Inventory:

Hand Weapons
 e - a +0 dagger
 o - a +0 hand axe (weapon)
Missiles
 p - 7 arrows of dispersal
Armour
 a - a +0 animal skin
 i - a +0 ring mail (worn)
 q - a +0 pair of gloves
Wands
 b - a wand of removedness (5)
Scrolls
 f - a scroll of removedness
 g - a scroll of fog {unknown}
 h - a scroll of amnesia
 l - a scroll of teleportation {unknown}
 m - a scroll of identify {unknown}
 s - a scroll of vulnerability {unknown}
 t - a scroll of summoning {unknown}
 v - a scroll of blinking {unknown}
Potions
 j - a potion of invisibility {unknown}
 k - a potion of curing {unknown}
 n - a potion of flight {unknown}
 r - a potion of might
 u - a potion of degeneration {unknown}
Comestibles
 c - 3 removed foods
 d - a removed food


   Skills:
 + Level 3.4 Fighting
 + Level 0.4 Short Blades
 + Level 1.5 Axes
 + Level 2.9 Armour
 + Level 3.0 Dodging
 + Level 0.2 Stealth
 + Level 3.0 Unarmed Combat


You had 3 spell levels left.
You didn't know any spells.
Your spell library contained the following spells:

 Spells                   Type           Power      Damage    Failure   Level
 Lesser Beckoning         Tloc           0%         N/A       71%         2
 Gell's Gravitas          Tloc           0%         N/A       90%         3
 Teleport Other           Tloc           0%         N/A       90%         3


Dungeon Overview and Level Annotations

Branches:
Dungeon (3/15)

Altars:
Elyvilon
Gozag

Shops:
D:3 (

Annotations:
D:3 julianmaster's ghost, amateur OpHu


Innate Abilities, Weirdness & Mutations

You are resistant to damage.
You can heal yourself by infusing magical energy.
You passively map a small area around you.
You do not regenerate.


Message History

You open the gate.
The giant cockroach bites you but does no damage.
Julianmaster's ghost attacks as you move away!
Julianmaster's ghost hits you. The giant cockroach closely misses you.
You slash julianmaster's ghost!
Julianmaster's ghost is moderately damaged.
You barely miss the giant cockroach.
Julianmaster's ghost hits you but does no damage.
The giant cockroach bites you but does no damage.
Julianmaster's ghost barely misses you.
The giant cockroach attacks as you move away!
The giant cockroach bites you but does no damage.
Julianmaster's ghost attacks as you move away!
Julianmaster's ghost hits you!
Found a stone staircase leading down.
The giant cockroach closely misses you. The quokka attacks as you move away!
The quokka barely misses you.
Found a whip.
You hit the quokka.
The quokka is almost dead.
The quokka bites you. The quokka barely misses you.
You closely miss the quokka.
The quokka is almost dead.
The giant cockroach waves its antennae.
The quokka bites you.
You barely miss the quokka.
The quokka is almost dead.
The quokka bites you but does no damage.
The quokka bites you.
You slash the quokka!
You kill the quokka!
Trog accepts your kill.
The giant cockroach bites you but does no damage.
You hit the giant cockroach.
You kill the giant cockroach!
Trog accepts your kill.
The iguana bites you but does no damage.
You hit the iguana but do no damage. The iguana bites you!
* * * LOW HITPOINT WARNING * * *
You barely miss the iguana. The iguana bites you!
You die...

* * * ### #.# * * *
###.#####.# * , ###
...#...#.# . #..,
..#.....# ..#
#.#####.#...###
,..>.#####.##.##.##.###
, ..... ..#.#.#......#
...##..##./##...##.#.#
.......@lW##..#.##.#.##
.###...##S†.....##....##
, #... #.......##....).
* , #.).
###'''##<.....## , ,
#...,##..$..######.# *
#...,#∩.$_...# #.#
#.#.*#8..8$.8# #.# #.#.
#...(...# #.#
,*##.8∩8.## #.#


You could see an iguana, julianmaster's ghost and an adder.

Vanquished Creatures
  3 adders
  2 worms (D:2)
  2 dart slugs (D:1)
  5 endoplasms
  6 giant cockroaches
  7 goblins
  3 hobgoblins
  6 kobolds
  2 quokkas
  3 ball pythons
  5 bats
  6 frilled lizards
  7 rats
57 creatures vanquished.

Notes
Turn   | Place    | Note
-------+----------+-------------------------------------------
     0 | D:1      | Moggul the Deep Dwarf Berserker began the quest for the
                  | Orb.
     0 | D:1      | Reached XP level 1. HP: 20/20 MP: 1/1
   198 | D:1      | Reached XP level 2. HP: 17/27 MP: 2/2
  2477 | D:2      | Reached XP level 3. HP: 14/34 MP: 3/3
  2499 | D:2      | Reached ** piety under Trog
  3060 | D:2      | Reached skill level 1 in Axes
  3148 | D:2      | Reached XP level 4. HP: 29/42 MP: 4/4
  3389 | D:3      | Found a white marble altar of Elyvilon.
  3474 | D:3      | Found Rucsep's Antique Weapon Shop.
  3541 | D:3      | Found a runed translucent gate.
  3555 | D:3      | Found a runed translucent gate.
  3555 | D:3      | Found an opulent altar of Gozag.
  3556 | D:3      | Found a runed translucent gate.
  3560 | D:3      | Noticed julianmaster's ghost (amateur OpHu)
  3589 | D:3      | Slain by an iguana

Illustrated notes

Levels and vault maps discovered:
D:1:      onia_arrival_larder
D:2:      minmay_chambers_of_ones, layout_loops_corners,
          kennysheep_big_empty_room
D:3:      layout_loops_ring, elyvilon_altar_4, serial_shops, shop,
          dreamdust_ecumenical_altar_statues, ebering_ghost_gozag,
          lexackson_kobold_supper, uniq_terence, uniq_grinder

Skill      XL: |  1  2  3  4 |
---------------+-------------+-----
Fighting       | 3 |  3.4
Axes           | 1 |  1.5
Unarmed Combat | 3 |  3.0
Dodging        | 3 |  3.0
Short Blades   | |  0.4
Armour         | |  2.9
Stealth        | |  0.2

Action                     |  1- 3 |  4- 6 || total
---------------------------+-------+-------++-------
  Melee: Dagger            |    52 |       ||    52
         Unarmed           |    22 |       ||    22
         Hand axe          |    91 |    47 ||   138
         Punch             |     2 |       ||     2
Ability: Heal Wounds       |     1 |       ||     1
    Use: Potion            |     4 |       ||     4
         Scroll            |       |     1 ||     1
   Stab: Sleeping          |     2 |       ||     2
         Sleeping          |     1 |       ||     1
 Armour: Animal skin       |    24 |       ||    24
         Ring mail         |    49 |    28 ||    77
  Dodge: Dodged            |   116 |    26 ||   142

Table legend: (Time is in decaauts)
 A = Elapsed time spent in this place.
 B = Non-inter-level travel time spent in this place.
 C = Inter-level travel time spent in this place.
 D = Time resting spent in this place.
 E = Time spent auto-exploring this place.
 F = Levels seen in this place.
 G = Mean time per level.
                   A        B        C        D        E       F      G
               +--------+--------+--------+--------+--------+-----+--------+
         Total |   3630 |   3630 |      0 |   1100 |    966 |   3 | 1210.0 |
       Dungeon |   3630 |   3630 |      0 |   1100 |    966 |   3 | 1210.0 |
               +--------+--------+--------+--------+--------+-----+--------+

Top non-repeatable levels by time:
     D:1: 2337 daAuts
     D:2: 998 daAuts
     D:3: 256 daAuts
Note: time per level data comes from an upgraded game and may be incomplete.
